 Dungeon Crawl Stone Soup version 0.29.1-15-g9cfb28693d (webtiles) character file.

Game seed: 14938182085321955377

46 CabbageHands the Slasher (level 3, -6/29 HPs)
             Began as a Demonspawn Berserker on Apr 11, 2023.
             Was a Follower of Trog.
             Mangled by a worm (8 damage)
             ... on level 3 of the Dungeon.
             The game lasted 00:02:39 (2258 turns).

CabbageHands the Slasher (Demonspawn Berserker)     Turns: 2258, Time: 00:02:39

Health: -6/29      AC:  5    Str: 19    XL:     3   Next: 46%
Magic:  3/3        EV: 11    Int:  8    God:    Trog [*.....]
Gold:   92         SH:  0    Dex: 12    Spells: 2/2 levels left

rFire   . . .      SeeInvis .   a - +0 falchion
rCold   . . .      Faith    .   (no shield)
rNeg    . . .      Spirit   .   d - +0 ring mail
rPois   .          Reflect  .   (helmet restricted)
rElec   .          Harm     .   (no cloak)
rCorr   .          Rampage  .   (no gloves)
Will    .....                   (no boots)
Stlth   +.........              (no amulet)
HPRegen 0.09/turn               (no ring)
MPRegen 0.08/turn               (no ring)

@: no status effects
A: horns 1, powered by pain 1
a: Renounce Religion, Berserk


You were on level 3 of the Dungeon.
You worshipped Trog.
Trog was aware of your devotion.
You visited 1 branch of the dungeon, and saw 3 of its levels.

You collected 92 gold pieces.

Inventory:

Hand Weapons
 a - a +0 falchion (weapon)
Armour
 b - a +0 animal skin
 d - a +0 ring mail (worn)
Scrolls
 c - a scroll of vulnerability {unknown}
 f - 3 scrolls of noise {unknown}
 i - 2 scrolls of identify {unknown}
 j - a scroll of fear {unknown}
Potions
 e - a potion of might {unknown}
 g - a potion of lignification {unknown}
 h - a potion of attraction {unknown}


   Skills:
 - Level 3.0 Fighting
 * Level 3.7 Long Blades
 + Level 2.4 Armour
 - Level 1.7 Dodging


You had 2 spell levels left.
You didn't know any spells.
Your spell library was empty.

Dungeon Overview and Level Annotations

Branches:
Dungeon (3/15)

Altars:

Shops:
D:2 (


Innate Abilities, Weirdness & Mutations

You have a pair of small horns on your head.
You sometimes gain a little power by taking damage.


Message History

Found a scroll labelled LEZEICV FILAC.
There is a stone staircase leading down here.
You see here a +0 pair of boots.
You hit the worm.
The worm is lightly wounded.
The worm bites you!
You hit the worm. You headbutt the worm.
The worm is heavily wounded.
You barely miss the worm. Your headbutt misses the worm.
The worm is heavily wounded.
The worm bites you.
You hit the worm.
The worm is severely wounded.
The worm bites you.
You hit the worm but do no damage.
The worm is severely wounded.
You completely miss the worm.
The worm is severely wounded.
The worm closely misses you.
You completely miss the worm.
The worm is heavily wounded.
The worm barely misses you.
You hit the worm.
The worm is severely wounded.
You barely miss the worm.
The worm is severely wounded.
The worm barely misses you.
You hit the worm.
The worm is severely wounded.
The worm bites you!
* * * LOW HITPOINT WARNING * * *
You hit the worm.
You headbutt the worm, but do no damage.
The worm is almost dead.
You fail to use your ability.
The worm bites you.
* * * LOW HITPOINT WARNING * * *
You hit the worm.
The worm is almost dead.
The worm bites you!
You die...

.# ........... ....
.##.......# #.. #.#####.# #..
# #.# ... #.. #.# ## #.# #
#.# ?# .##.#####.# #.##.#
.#........<..#
#.#.@##....######...#
##..##w.# ..# #...#
#...##..##.##### #...#
#.#...##)......# #...#
#.###.##.#####.# #...# #
#.##.#..## #.# #...#
....####.#.###.######.###..)#
#.......## ##.............#
######.## ##.†..........#


You could see a worm.

Vanquished Creatures
  An adder (D:2)
  2 dart slugs (D:1)
  4 endoplasms
  A giant cockroach (D:2)
  3 goblins (D:1)
  4 hobgoblins
  2 jackals (D:1)
  A quokka (D:1)
  2 ball pythons (D:1)
  3 bats
  2 frilled lizards
  2 kobolds
  6 rats
33 creatures vanquished.

Vanquished Creatures (others)
  2 plants (D:1)
2 creatures vanquished.

Grand Total: 35 creatures vanquished

Notes
Turn   | Place    | Note
-------+----------+-------------------------------------------
     0 | D:1      | CabbageHands the Demonspawn Berserker began the quest for
                  | the Orb.
     0 | D:1      | Reached XP level 1. HP: 18/18 MP: 1/1
   276 | D:1      | Gained mutation: You have a pair of small horns on your
                  | head. [demonic ancestry]
   276 | D:1      | Reached XP level 2. HP: 24/24 MP: 2/2
   436 | D:1      | You fall into a shaft and drop 1 floor!
   829 | D:1      | Found a faded altar of an unknown god.
  1457 | D:2      | Gained mutation: You sometimes gain a little power by
                  | taking damage. [demonic ancestry]
  1457 | D:2      | Reached XP level 3. HP: 28/29 MP: 3/3
  1616 | D:2      | Found Tos Fiyw's Weapon Emporium.
  2258 | D:3      | Mangled by a worm

Illustrated notes

Levels and vault maps discovered:
D:1:      dpeg_arrival_tiny_a, layout_basic,
          hellmonk_ecumenical_altar_pennies_from_heaven, serial_bayou_ford_a
D:2:      layout_basic, serial_shops, shop
D:3:      layout_loops_ring, st_stairs_7

Skill      XL: |  1 |
---------------+----+-----
Long Blades    | 3 |  3.7
Armour         | 2 |  2.4
Fighting       | |  3.0
Dodging        | |  1.7

Action                   || total
-------------------------++-------
Melee: Falchion          ||   115
       Headbutt          ||    10
       Punch             ||     1
Invok: Berserk           ||     1
 Stab: Sleeping          ||     1
Armor: Ring mail         ||    28
Dodge: Dodged            ||    81
